 Dungeon Crawl Stone Soup version 0.21.1-1-g345015f (webtiles) character file.

2521 Firecrotchwizard the Arsonist (level 9, -4/62 HPs)
             Began as a Red Draconian Fire Elementalist on May 30, 2018.
             Slain by CougarLife's ghost (14 damage)
             ... on level 7 of the Dungeon.
             The game lasted 00:20:20 (8851 turns).

Firecrotchwizard the Arsonist (DrFE)                Turns: 8851, Time: 00:20:20

Health: -4/62      AC:  7    Str: 13    XL:     9   Next: 29%
Magic:  8/14       EV:  2    Int: 20    God:
Gold:   368        SH:  0    Dex: 11    Spells: 2/15 levels left

rFire    + . .     SeeInvis .   I - staff of conjuration {@e1!a}
rCold    . . .     Gourm    .   (no shield)
rNeg     + + +     Faith    .   (armour unavailable)
rPois    ∞         Spirit   .   (helmet restricted)
rElec    .         Reflect  .   (no cloak)
rCorr    .         Harm     .   (no gloves)
MR       .....                  (no boots)
Stlth    ++........             (no amulet)
HPRegen  0.20/turn              p - +6 ring of evasion
MPRegen  0.14/turn              u - +3 ring of strength

@: petrified
A: breathe fire, unfitting armour, fire resistance 1, cold-blooded, AC +7
a: Breathe Fire


You were on level 7 of the Dungeon.
You were not hungry.

You visited 2 branches of the dungeon, and saw 9 of its levels.
You also visited: Sewer.

You collected 368 gold pieces.

Inventory:

Hand Weapons
 l - a +0 dagger
   (You found it on level 1 of the Dungeon)
 y - a +2 flail of draining
   (You took it off an orc on level 4 of the Dungeon)
 D - a +2 short sword of holy wrath
   (You took it off a kobold in a sewer)
 G - a +4 dagger of venom
   (You took it off an orc wizard on level 6 of the Dungeon)
Missiles
 d - 2 throwing nets {=f, !d}
Magical Staves
 I - an uncursed staff of conjuration (weapon) {@e1!a}
   (You found it on level 7 of the Dungeon)
Jewellery
 p - a +6 ring of evasion (left hand)
   (You found it on level 2 of the Dungeon)
 u - a +3 ring of strength (right hand)
   (You found it on level 5 of the Dungeon)
 v - an uncursed ring of resist corrosion
   (You found it on level 3 of the Dungeon)
Wands
 f - a wand of disintegration (9) {@e1}
   (You found it on level 3 of the Dungeon)
 n - a wand of acid (11)
   (You found it on level 7 of the Dungeon)
 t - a wand of digging (14)
   (You took it off an orc on level 3 of the Dungeon)
Scrolls
 e - 7 scrolls of remove curse
 g - 3 scrolls of magic mapping {!r}
 h - 4 scrolls of fear
 i - 2 scrolls of identify
 o - a scroll of amnesia
 q - 4 scrolls of teleportation
 r - 2 scrolls of blinking {!r}
Potions
 c - a potion of heal wounds {unknown}
 j - a potion of resistance {unknown}
 k - a potion of berserk rage {unknown}
 m - 4 potions of degeneration {unknown}
 s - 5 potions of curing
 w - 2 potions of brilliance {unknown}
 x - 3 potions of flight {unknown}
 z - 2 potions of might {unknown}
 B - a potion of agility {unknown}
 E - a potion of haste {unknown}
Books
 a - a book of Flames
Comestibles
 b - 9 rations {@e1}
 A - 3 chunks of flesh {@w0}


   Skills:
 - Level 1.7 Dodging
 - Level 1.7 Stealth
 - Level 3.5 Spellcasting
 + Level 9.0 Conjurations
 + Level 10.5 Fire Magic


You had 2 spell levels left.
You knew the following spells:

 Your Spells              Type           Power        Failure   Level  Hunger
a - Flame Tongue          Conj/Fire      #####        1%          1    None
c - Conjure Flame         Conj/Fire      ######..     1%          3    ###....
f - Fireball              Conj/Fire      ######....   7%          5    ######.
s - Sticky Flame          Conj/Fire      ######..     2%          4    ####...


Dungeon Overview and Level Annotations

Branches:
Dungeon (8/15)             Temple (1/1) D:5            Lair (0/6) D:8

Altars:
Cheibriados
Elyvilon
Gozag
Hepliaklqana
Kikubaaqudgha
Makhleb
Nemelex Xobeh
Okawaru
Qazlal
Ru
Sif Muna
Trog
Uskayaw
Wu Jian
Xom
Zin
The Shining One

Annotations:
D:7 exclusion: slave, CougarLife's ghost, novice TrFi


Innate Abilities, Weirdness & Mutations

You can breathe blasts of fire.
Your fiery red scales are hard. (AC +7)
You cannot fit into any form of body armour.
Your flesh is heat resistant. (rF+)
You are cold-blooded and may be slowed by cold attacks.


Message History

You feel a surge of power!
The flame tongue hits the hungry ghost.
The hungry ghost closely misses you.
You now have 8/14 mp.
Aim: a hungry ghost (almost destroyed)
You feel a surge of power!
The flame tongue hits the hungry ghost.
You destroy the hungry ghost!
Your Fire Magic skill increases to level 10!
You now have 7/14 mp.
You start resting.
Eating a chunk of flesh {@w0}.
You eat the chunk of flesh {@w0}.
You hear the faint creaking of a very distant portcullis.
You regained 6 mp, and now have 13/14 mp.
b - 9 rations {@e1} (gained 1)
You now have 368 gold pieces (gained 14).
A worker ant comes into view.
MP restored: 14
Aim: a worker ant (hasn't noticed you)
You feel a surge of power!
The flame tongue hits the worker ant.
The worker ant twitches its antennae in your direction.
You now have 13/14 mp.
Aim: a worker ant (heavily wounded)
You feel a surge of power!
The flame tongue hits the worker ant.
You kill the worker ant!
You now have 12/14 mp.
You can't see any susceptible monsters within range! (Use Z to cast anyway.) Unknown command.
You butcher the worker ant corpse.
A - 3 chunks of flesh {@w0} You hear the faint creaking of a very distant portcullis.
s - 5 potions of curing (gained 1)
A basilisk comes into view.
The basilisk hisses angrily.
The basilisk moves out of view.
MP restored: 14 A yak comes into view.
The yak bellows!
An elephant comes into view.
Found a staircase to the Lair.
A crocodile comes into view.
The basilisk gazes at you. You resist with some effort.
The basilisk gazes at you.
You are slowing down.
Okay, then.
Okay, then.
Your limbs are stiffening.
You have turned to stone.
The yak completely misses you. The yak gores you! x2
The basilisk bites you. The yak gores you.
The basilisk hisses menacingly.
The basilisk gazes at you. You resist with some effort. The yak gores you.
You hear the faint creaking of a very distant portcullis.
The basilisk bites you. The yak gores you!
You turn to flesh and can move again.
You take 18 damage, and have 44/62 hp.
MASSIVE DAMAGE!!
Unknown command.
There is a stone staircase leading up here.
The basilisk bites you. The yak gores you!
You climb upwards.
Level annotation: exclusion: slave, CougarLife's ghost, novice TrFi
There is a stone staircase leading down here.
You take 13 damage, and have 31/62 hp.
MASSIVE DAMAGE!!
Okay, then.
Aim: a basilisk You feel a surge of power!
The sticky flame hits the basilisk.
The basilisk is covered in liquid flames!
The basilisk burns!
The basilisk bites you but does no damage.
The yak completely misses you.
You now have 10/14 mp.
Aim: a yak You feel a surge of power!
The sticky flame hits the yak.
The yak is covered in liquid flames!
The basilisk burns!
The yak burns!
The basilisk closely misses you. The yak gores you!
* * * LOW HITPOINT WARNING * * *
You take 14 damage, and have 17/62 hp.
MASSIVE DAMAGE!!
You now have 6/14 mp.
The basilisk burns!
The yak burns!
The basilisk misses you.
The basilisk burns!
The yak burns!
The basilisk burns!
The yak burns!
The basilisk burns!
The yak burns!
The basilisk gazes at you.
You are slowing down.
The basilisk burns!
You kill the basilisk!
The yak burns! x2
You kill the yak!
Your Conjurations skill increases to level 9!
Your limbs are stiffening.
You have turned to stone.
CougarLife's ghost says, "I break bones and crack skulls... with my bare hands."
CougarLife's ghost hits you!!
* * * LOW HITPOINT WARNING * * *
CougarLife's ghost hits you!!
You die...

*,#.#.###............####.####
*,#.#.#............<.........##
#,#.#.#.#..##.##..............#
#.#.#.#.#..##.##....####.###..##
#.#)#.#.#..#.).#....# #..#.....#
.............#....#.###.##.....##
###.###.#.#..).#..#.##..##....<..
#.# #.#.#...##..#.##.##......##
#.# #.#.>....W@...##.##......#
##†###.###†...........##.######
##....................##...##
..#.#.#.###.###.###..##.....#
##................#.........#
..#.#.#.............###.....#
....#.#####.##..#.### ##....#
#####.# #........# ##.#.# #.#
####.##..# #.#.#####


You could see CougarLife's ghost.

Vanquished Creatures
  A spriggan (D:7)
  A hungry ghost (D:8)
  A basilisk (D:7)
  A yak (D:7)
  2 ice beasts (D:5)
  2 sky beasts
  6 ogres
  2 centaurs
  A bullfrog (D:3)
  A scorpion (D:5)
  A crimson imp (D:5)
  A bullfrog zombie (D:6)
  2 jellies
  3 orc priests
  2 hounds (D:5)
  2 orc wizards
  2 iguanas
  5 worker ants
  A hound zombie (D:5)
  4 gnolls (D:5)
  12 adders
  A shadow imp (D:5)
  An adder skeleton (D:6)
  9 worms
  2 dart slugs
  2 leopard geckos
  24 orcs
  2 ball pythons
  4 giant cockroaches
  6 goblins
  3 hobgoblins
  2 jackals (D:2)
  2 quokkas (D:2)
  8 bats
  3 frilled lizards
  2 giant cockroach zombies (D:5)
  A jackal zombie (D:6)
  9 kobolds
  A leopard gecko zombie (D:7)
  14 rats
149 creatures vanquished.

Notes
Turn   | Place    | Note
-------+----------+-------------------------------------------
     0 | D:1      | Firecrotchwizard the Draconian Fire Elementalist began the quest for the Orb.
     0 | D:1      | Reached XP level 1. HP: 14/14 MP: 3/3
   716 | D:1      | Reached XP level 2. HP: 18/20 MP: 5/5
   911 | D:2      | HP: 4/20 [worm (8)]
  1274 | D:2      | Reached skill level 2 in Conjurations
  1677 | D:2      | Reached XP level 3. HP: 17/26 MP: 2/6
  2161 | D:2      | Reached XP level 4. HP: 29/33 MP: 3/7
  2324 | D:2      | Learned a level 3 spell: Conjure Flame
  2329 | D:2      | Learned a level 4 spell: Sticky Flame
  2370 | D:3      | Noticed a bullfrog
  2381 | D:3      | Killed a bullfrog
  2381 | D:3      | Reached skill level 3 in Conjurations
  2604 | D:3      | Reached XP level 5. HP: 38/38 MP: 9/9
  2680 | D:3      | Reached skill level 3 in Spellcasting
  3453 | D:4      | Noticed an ogre
  3500 | D:4      | Killed an ogre
  3500 | D:4      | Reached skill level 4 in Conjurations
  3500 | D:4      | Reached skill level 4 in Fire Magic
  3500 | D:4      | Reached XP level 6. HP: 45/45 MP: 0/10
  3859 | D:4      | Found a glowing golden altar of the Shining One.
  4092 | D:4      | Reached skill level 5 in Conjurations
  4533 | D:5      | Entered Level 5 of the Dungeon
  4706 | D:5      | Found a snail-covered altar of Cheibriados.
  4905 | D:5      | Found a staircase to the Ecumenical Temple.
  4934 | Temple   | Entered the Ecumenical Temple
  5092 | D:5      | Noticed an ice beast
  5094 | D:5      | Reached skill level 5 in Fire Magic
  5094 | D:5      | Your scales start taking on a fiery red colour.
  5094 | D:5      | Reached skill level 6 in Fire Magic
  5094 | D:5      | Reached XP level 7. HP: 50/50 MP: 9/12
  5094 | D:5      | Gained mutation: Your flesh is heat resistant. (rF+) [Red Draconian growth]
  5131 | D:5      | Found a glowing silver altar of Zin.
  5202 | D:5      | Reached skill level 6 in Conjurations
  5205 | D:5      | Reached skill level 7 in Fire Magic
  5811 | D:5      | Reached XP level 8. HP: 57/57 MP: 6/13
  6087 | D:6      | Found a glowing drain.
  6142 | Sewer    | Entered a sewer
  6512 | D:6      | Reached skill level 8 in Fire Magic
  6548 | D:6      | Learned a level 5 spell: Fireball
  6569 | D:6      | Reached skill level 7 in Conjurations
  7550 | D:7      | Found a stormy altar of Qazlal.
  7589 | D:7      | Reached skill level 9 in Fire Magic
  7722 | D:7      | Found a white marble altar of Elyvilon.
  7771 | D:7      | Found an ornate altar of the Wu Jian Council.
  7788 | D:7      | Reached skill level 8 in Conjurations
  8165 | D:7      | Noticed CougarLife's ghost (novice TrFi)
  8195 | D:7      | HP: 11/57 [CougarLife's ghost (22)]
  8542 | D:7      | Reached XP level 9. HP: 55/62 MP: 6/14
  8693 | D:8      | Reached skill level 10 in Fire Magic
  8817 | D:8      | Noticed an elephant
  8817 | D:8      | Found a staircase to the Lair.
  8845 | D:7      | Reached skill level 9 in Conjurations
  8850 | D:7      | HP: 10/62 [CougarLife's ghost (9)]
  8851 | D:7      | Slain by CougarLife's ghost

Skill      XL: |  1  2  3  4  5  6  7  8  9 |
---------------+----------------------------+-----
Conjurations   | 2 3 4 5 6 8 9 |  9.0
Spellcasting   | 3 |  3.5
Fire Magic     | 4 6 7 9 10 | 10.5
Dodging        | |  1.7
Stealth        | |  1.7

Action                   |  1- 3 |  4- 6 |  7- 9 || total
-------------------------+-------+-------+-------++-------
Melee: Unarmed           |    32 |       |       ||    32
       Dagger            |    98 |   156 |       ||   254
       Tailslap          |     8 |    13 |     6 ||    27
       Flail             |       |     9 |   104 ||   113
 Cast: Flame Tongue      |    35 |    57 |   120 ||   212
       Conjure Flame     |       |     2 |       ||     2
       Sticky Flame      |       |       |     6 ||     6
Evoke: Wand              |       |       |     2 ||     2
  Use: Scroll            |       |       |    10 ||    10
 Stab: Sleeping          |     3 |     3 |     3 ||     9
  Eat: Chunk             |     5 |     9 |     7 ||    21
       Ration            |       |       |     2 ||     2
Armor: Skin              |    37 |    38 |    30 ||   105
Dodge: Dodged            |   103 |   159 |   147 ||   409

Vault maps used:
D:1:      tarquinn_simple_flora_water_e
D:2:      minmay_octomino_j4
D:3:      first_ration
D:4:      lemuel_doored_altar
D:5:      zin_academy, minmay_temple_entry_mist, kennysheep_slug_shrine
D:6:      cheibrodos_sewer_entry_drain
D:7:      nicolae_qazlal_general_emergency, elyvilon_altar_4, basic_altar,
          the_bakery, minivault_23, lemuel_flamethrower_2, uniq_pikel
D:8:      grunt_temple_overflow_octagram, david_lair_generic, enter_bailey_7,
          minmay_crystal_room, uniq_psyche
Temple:   jpeg_temple_clearing
Sewer:    sewer_co_15_rooms

Table legend:
 A = Turns spent in this place as a percentage of turns spent in the entire game.
 B = Non-inter-level travel turns spent in this place as a percentage of non-inter-level travel turns spent in the entire game.
 C = Inter-level travel turns spent in this place as a percentage of turns spent in this place.
 D = Turns resting spent in this place as a percentage of non-inter-level travel turns spent in this place.
 E = Turns spent auto-exploring this place as a percentage of non-inter-level travel turns spent in this place.
 F = Non-inter-level travel turns spent in this place divided by the number of levels of this place that you've seen.
                   A       B       C       D       E      F
               +-------+-------+-------+-------+-------+----------------------
         Total | 100.0 | 100.0 |   5.9 |  30.7 |  52.0 | 832.8
       Dungeon |  94.3 |  94.1 |   6.2 |  31.2 |  51.6 | 979.5
        Temple |   1.8 |   1.8 |   5.7 |  25.5 |  73.8 | 149.0
         Sewer |   3.9 |   4.1 |   0.0 |  20.7 |  52.2 | 343.0
               +-------+-------+-------+-------+-------+----------------------

Table legend:
 A = Kills in this place as a percentage of kills in entire the game.
 B = Kills by you in this place as a percentage of kills by you in the entire game.
 C = Kills by friends in this place as a percentage of kills by friends in the entire game.
 D = Other kills in this place as a percentage of other kills in the entire game.
 E = Experience gained in this place as a percentage of experience gained in the entire game.
 F = Experience gained in this place divided by the number of levels of this place that you have seen.
                   A       B       C       D       E      F
               +-------+-------+-------+-------+-------+----------------------
         Total | 100.0 | 100.0 |   N/A |   N/A | 100.0 | 360.2
       Dungeon |  90.6 |  90.6 |   N/A |   N/A |  97.7 | 439.9
         Sewer |   9.4 |   9.4 |   N/A |   N/A |   2.3 |  83.0
               +-------+-------+-------+-------+-------+----------------------
